 Dungeon Crawl Stone Soup version 0.31-a0-988-g08d55dae12 (webtiles) character file.

Game seed: 2008891556000056798

743 LordPurah the Grave Robber (level 8, -3/43 (52) HPs)
             Began as a Human Necromancer on Nov 5, 2023.
             Was an Initiate of Yredelemnul.
             Slain by Pikel
             ... wielding a +2 whip of flaming
              (4 damage)
             ... on level 6 of the Dungeon.
             The game lasted 00:42:36 (3115 turns).

LordPurah the Grave Robber (Human Necromancer)      Turns: 3115, Time: 00:42:37

HP:   -3/43 (52)    AC:  6    Str:  8    XL:     8   Next: 5%
MP:   17/23         EV: 12    Int: 19    God:    Yredelemnul [......]
Gold: 118           SH:  0    Dex: 13    Spells: 4/15 levels left

rFire   . . .        j - +0 whip (elec)
rCold   . . .        (no shield)
rNeg    . . .        c - +1 troll leather armour
rPois   .            (no helmet)
rElec   +            (no cloak)
rCorr   .            (no gloves)
SInv    .            k - +1 pair of boots
Will    .....        (no amulet)
Stlth   ++           o - ring of magical power
HPRegen 1.07/turn    (no ring)
MPRegen 0.18/turn

%: no passive effects
@: heavily drained
A: electricity resistance
a: Renounce Religion, Recall Undead Harvest


You were on level 6 of the Dungeon.
You worshipped Yredelemnul.
Yredelemnul was noncommittal.
You visited 2 branches of the dungeon, and saw 7 of its levels.

You collected 118 gold pieces.

Inventory:

Hand Weapons
 e - a +0 club
 g - a +0 dagger
 h - a +0 mace
 i - a +0 dagger
 j - a +0 whip of electrocution (weapon)
 l - a +0 dagger
Armour
 a - a +0 robe
 c - a +1 troll leather armour (worn)
 k - a +1 pair of boots (worn)
Jewellery
 o - a ring of magical power (left hand)
Talismans
 f - a serpent talisman
Potions
 b - a potion of magic
 d - a potion of curing


   Skills:
 - Level 0.6 Armour
 + Level 4.2 Dodging
 + Level 4.6 Stealth
 + Level 4.2 Spellcasting
 + Level 6.0 Necromancy


You had 4 spell levels left.
You knew the following spells:

 Your Spells              Type           Power      Damage    Failure   Level
a - Necrotise             Necr           100%       1d9       1%          1
b - Vampiric Draining     Necr           27%        2d7       4%          3
c - Cigotuvi's Dreadful   Necr/Pois/Air  22%        N/A       13%         2
d - Agony                 Necr           27%        N/A       41%         5

Your spell library contained the following spells:

 Spells                   Type           Power      Damage    Failure   Level
 Ignite Poison            Fire/Tmut/Pois 4%         N/A       50%         3
 Stone Arrow              Conj/Erth      8%         3d7       50%         3
 Animate Armour           Summ/Erth      8%         N/A       88%         4
 Freezing Cloud           Conj/Ice/Air   2%         6-21      99%         5
 Lehudib's Crystal Spear  Conj/Erth      2%         10d2      100%        8
 Animate Dead             Necr           Unusable   N/A       N/A         4

Dungeon Overview and Level Annotations

Branches:
Dungeon (6/15)             Temple (1/1) D:5

Altars:
Ashenzari
Cheibriados
Dithmenos
Elyvilon
Fedhas
Gozag
Hepliaklqana
Kikubaaqudgha
Makhleb
Nemelex Xobeh
Okawaru
Qazlal
Ru
Sif Muna
Trog
Uskayaw
Vehumet
Wu Jian
Xom
Yredelemnul
Zin
The Shining One

Annotations:
D:5 2 runed translucent doors
D:6 Pikel


Innate Abilities, Weirdness & Mutations

You are resistant to electric shocks. (rElec)


Message History

You barely miss the lemure.
The lemure is lightly wounded.
Pikel closely misses you. The lemure misses you.
You closely miss the lemure.
The lemure is lightly wounded.
Pikel hits you with a +2 whip of flaming.
Pikel burns you. The lemure barely misses you.
You barely miss the lemure.
The lemure is lightly wounded.
Pikel completely misses you. The lemure barely misses you.
You closely miss the lemure.
The lemure is lightly wounded.
Pikel hits you with a +2 whip of flaming!
Pikel burns you. The lemure closely misses you. Pikel misses you.
You hit Pikel but do no damage.
Pikel is lightly wounded.
The lemure barely misses you. Pikel misses you. The lemure hits you.
You closely miss the lemure.
The lemure is lightly wounded.
Pikel hits you with a +2 whip of flaming.
Pikel burns you. The lemure misses you.
You hit the lemure.
The lemure is moderately wounded.
Pikel hits you with a +2 whip of flaming!
* * * LOW HITPOINT WARNING * * *
Pikel burns you.
* * * LOW HITPOINT WARNING * * *
The lemure closely misses you.
You barely miss the lemure.
The lemure is moderately wounded.
Pikel barely misses you. The lemure hits you but does no damage.
You hit the lemure.
The lemure is heavily wounded.
Pikel says, "You'll freeze in Cocytus!"
Pikel hits you with a +2 whip of flaming!
* * * LOW HITPOINT WARNING * * *
Pikel burns you.
You die...
Pikel says, "See you in Hell!"
Your body rises from the dead as a mindless zombie.

####### ##...#...
##..=.....
#.........
########.........
#.....##.........
#.###...#........
#..####..........
##..K@###..###..<
####5# ##....#.#
#.# ###.... #.#
..# #.. .. ##. .
#. .


You could see Pikel and a lemure.

Vanquished Creatures
  A black bear (D:5)
  2 phantoms (D:5)
  2 bullfrogs (D:6)
  A scorpion (D:5)
  2 jellies
  A howler monkey (D:6)
  An iguana (D:5)
  7 adders
  A shadow imp (D:5)
  2 worms
  2 dart slugs (D:3)
  3 orcs
  7 ball pythons
  3 endoplasms (D:2)
  A giant cockroach (D:1)
  3 goblins
  7 hobgoblins
  2 jackals (D:1)
  3 kobolds
  2 quokkas
  4 bats
  A frilled lizard (D:2)
58 creatures vanquished.

Vanquished Creatures (collateral kills)
  An orc priest (D:5)
  A gnoll (D:5)
  An orc (D:5)
  A bat (D:1)
  3 endoplasms (D:1)
  A kobold (D:3)
  A goblin (D:1)
9 creatures vanquished.

Vanquished Creatures (others)
  A bullfrog zombie (D:6)
  A scorpion zombie (D:5)
  A jelly zombie (D:6)
  A spectral shadow imp (D:5)
  2 orc zombies (D:5)
  A spectral orc (D:5)
7 creatures vanquished.

Grand Total: 74 creatures vanquished

Notes
Turn   | Place    | Note
-------+----------+-------------------------------------------
     0 | D:1      | LordPurah the Human Necromancer began the quest for the
                  | Orb.
     0 | D:1      | Reached XP level 1. HP: 13/13 MP: 3/3
   180 | D:1      | Reached XP level 2. HP: 16/19 MP: 1/5
   492 | D:1      | Found a faded altar of an unknown god.
   669 | D:1      | Reached XP level 3. HP: 24/24 MP: 3/6
   882 | D:2      | Learned a level 3 spell: Vampiric Draining
   885 | D:2      | Learned a level 2 spell: Cigotuvi's Dreadful Rot
  1182 | D:3      | Reached XP level 4. HP: 27/30 MP: 1/7
  1929 | D:3      | Found a radiant altar of Vehumet.
  2022 | D:4      | Gained mutation: You are resistant to electric shocks.
                  | (rElec) [potion of mutation]
  2179 | D:4      | Reached XP level 5. HP: 35/35 MP: 9/9
  2292 | D:4      | Reached skill level 5 in Necromancy
  2380 | D:5      | Entered Level 5 of the Dungeon
  2394 | D:5      | Identified the +1 rapier of Wexkoer {chaos, rPois}
  2394 | D:5      | Noticed a kobold brigand
  2432 | D:5      | Found a staircase to the Ecumenical Temple.
  2439 | Temple   | Entered the Ecumenical Temple
  2479 | Temple   | Became a worshipper of Yredelemnul the Dark
  2582 | D:5      | Reached XP level 6. HP: 40/41 MP: 10/10
  2589 | D:5      | Learned a level 5 spell: Agony
  2665 | D:5      | Reached * piety under Yredelemnul
  2726 | D:5      | Found a large runed translucent door.
  2726 | D:5      | Found a large runed translucent door.
  2726 | D:5      | Found a shimmering altar of Xom.
  2726 | D:5      | Noticed a black bear
  2737 | D:5      | Reached XP level 7. HP: 21/46 MP: 12/12
  2981 | D:6      | Reached skill level 6 in Necromancy
  2981 | D:6      | Reached XP level 8. HP: 44/47 MP: 1/14
  3089 | D:6      | Noticed Pikel
  3115 | D:6      | HP: 1/43 [Pikel/+2 whip of flaming (8)]
  3115 | D:6      | Slain by Pikel

Illustrated notes

Levels and vault maps discovered:
D:1:      tarquinn_simple_flora_water_c, layout_loops_ring, serial_shops,
          nicolae_shop_back_alley_shop, chequers_ecumenical_altar_simple_redux
D:2:      layout_basic, uniq_natasha, uniq_terence
D:3:      layout_rooms, lemuel_coloured_pillars_altar
D:4:      layout_gridville, skrybe_limestone_x
D:5:      due_chaos_kobolds, layout_cave_pools, temple_doors_ab,
          ebering_ghost_disaster_area, nicolae_shop_gadgets
D:6:      minmay_angry_zag, layout_rooms, uniq_sigmund, uniq_pikel, uniq_grinder
Temple:   kilobyte_greek_temple

Skill      XL: |  1  2  3  4  5  6  7 |
---------------+----------------------+-----
Necromancy     | 5 6 |  6.0
Dodging        | 3 4 |  4.2
Stealth        | 3 4 |  4.6
Spellcasting   | 3 4 |  4.2
Armour         | |  0.6

Action                     |  1- 3 |  4- 6 |  7- 9 || total
---------------------------+-------+-------+-------++-------
  Melee: Unarmed           |     2 |       |       ||     2
         Club              |     5 |       |       ||     5
         Whip              |     2 |    48 |    25 ||    75
         Dagger            |     1 |       |       ||     1
         Punch             |       |     1 |       ||     1
   Cast: Necrotise         |    43 |    59 |    32 ||   134
         Vampiric Draining |       |     5 |     3 ||     8
         Cigotuvi's Dreadf |       |     2 |     4 ||     6
 Invoke: Recall Undead Har |       |     1 |       ||     1
  Evoke: Wand              |       |     9 |       ||     9
    Use: Scroll            |     5 |     6 |     1 ||    12
         Potion            |       |     1 |       ||     1
 Armour: Troll leather arm |    18 |    34 |    38 ||    90
  Dodge: Dodged            |    23 |    20 |    44 ||    87

Table legend: (Time is in decaauts)
 A = Elapsed time spent in this place.
 B = Non-inter-level travel time spent in this place.
 C = Inter-level travel time spent in this place.
 D = Time resting spent in this place.
 E = Time spent auto-exploring this place.
 F = Levels seen in this place.
 G = Mean time per level.
                   A        B        C        D        E       F      G
               +--------+--------+--------+--------+--------+-----+--------+
         Total |   3120 |   2880 |    240 |    762 |    548 |   7 |  445.7 |
       Dungeon |   2997 |   2757 |    240 |    762 |    548 |   6 |  499.5 |
        Temple |    123 |    123 |      0 |      0 |      0 |   1 |  123.0 |
               +--------+--------+--------+--------+--------+-----+--------+

Top non-repeatable levels by time:
     D:3: 822 daAuts
     D:1: 721 daAuts
     D:2: 452 daAuts
     D:5: 434 daAuts
     D:4: 383 daAuts
     D:6: 183 daAuts
  Temple: 123 daAuts
